 Dungeon Crawl Stone Soup version 0.25.1-2-g60ff931df9 (webtiles) character file.

Game seed: 10223150255751636126

13717 gruber the Frost Mage (level 12, -8/89 HPs)
             Began as a Gnoll Ice Elementalist on Oct 6, 2020.
             Was a High Priest of Vehumet.
             Killed by divine providence
             ... invoked by a meliai
              (14 damage)
             ... on level 13 of the Dungeon.
             The game lasted 00:21:11 (13910 turns).

gruber the Frost Mage (Gnoll Ice Elementalist)     Turns: 13910, Time: 00:21:12

Health: -8/89      AC: 14    Str: 10    XL:     12   Next: 8%
Magic:  15/24      EV: 19    Int: 21    God:    Vehumet [*****.]
Gold:   367        SH:  5    Dex: 18    Spells: 15/28 levels left

rFire    . . .     SeeInvis .   H - +2 scythe (freeze)
rCold    . . .     Gourm    .   (shield currently unavailable)
rNeg     + . .     Faith    .   J - +0 swamp dragon scales
rPois    +         Spirit   .   O - +1 helmet
rElec    .         Reflect  +   g - scarf {repulsion}
rCorr    .         Harm     .   D - +2 pair of gloves
MR       .....                  (no boots)
Stlth    +++.......             e - amulet of reflection
HPRegen  0.24/turn              y - +4 ring of evasion
MPRegen  0.19/turn              E - ring of positive energy

@: about to teleport, frozen ramparts, repel missiles
A: distributed training, fangs 1, strong nose
a: Renounce Religion


You were on level 13 of the Dungeon.
You worshipped Vehumet.
Vehumet was extremely pleased with you.
You were hungry.

You visited 1 branch of the dungeon, and saw 13 of its levels.

You collected 639 gold pieces.
You spent 272 gold pieces at shops.

Inventory:

Hand Weapons
 H - a +2 scythe of freezing (weapon)
 M - a +2 hand axe of freezing
Armour
 g - a scarf of repulsion (worn)
 r - a +2 leather armour of cold resistance
 D - a +2 pair of gloves (worn)
 J - +0 swamp dragon scales (worn)
 O - a +1 helmet (worn)
Jewellery
 e - an amulet of reflection (around neck)
 q - a cursed amulet of inaccuracy {unknown}
 y - a +4 ring of evasion (left hand)
 E - a ring of positive energy (right hand)
Wands
 s - a wand of disintegration (11)
 F - a wand of polymorph (5)
 K - a wand of iceblast (11)
Scrolls
 a - 6 scrolls of remove curse {unknown}
 b - 4 scrolls of fear {unknown}
 f - 3 scrolls of blinking {unknown}
 h - a scroll of random uselessness {unknown}
 i - 8 scrolls of teleportation
 j - 7 scrolls of identify
 k - a scroll of brand weapon {unknown}
 p - 5 scrolls of amnesia {unknown}
 z - 5 scrolls of magic mapping {unknown}
 A - 2 scrolls of enchant armour {unknown}
 B - 2 scrolls of silence {unknown}
 C - a scroll of holy word {unknown}
 G - 2 scrolls of enchant weapon {unknown}
 I - 2 scrolls of immolation {unknown}
 L - 3 scrolls of noise {unknown}
Potions
 d - a potion of invisibility {unknown}
 l - a potion of brilliance {unknown}
 n - 4 potions of curing
 o - a potion of heal wounds {unknown}
 t - 5 potions of flight {unknown}
 u - a potion of cancellation {unknown}
 v - 3 potions of haste
 w - 2 potions of magic {unknown}
 x - a potion of degeneration {unknown}
Comestibles
 c - 22 rations
 N - 8 chunks of flesh


   Skills:
 + Level 6.8 Fighting
 + Level 6.8 Short Blades
 + Level 6.8 Long Blades
 + Level 6.8 Axes
 + Level 6.8 Maces & Flails
 + Level 6.8 Polearms
 + Level 6.8 Staves
 + Level 6.8 Slings
 + Level 6.8 Bows
 + Level 6.8 Crossbows
 + Level 6.8 Throwing
 + Level 6.8 Armour
 + Level 8.3 Dodging
 + Level 8.1 Stealth
 + Level 6.8 Shields
 + Level 6.8 Unarmed Combat
 + Level 8.5 Spellcasting
 + Level 5.6 Conjurations
 + Level 5.6 Hexes
 + Level 5.6 Charms
 + Level 5.6 Summonings
 + Level 5.6 Necromancy
 + Level 5.6 Translocations
 + Level 5.6 Transmutations
 + Level 5.6 Fire Magic
 + Level 9.2 Ice Magic
 + Level 5.6 Air Magic
 + Level 5.6 Earth Magic
 + Level 5.6 Poison Magic
 + Level 7.5 Invocations
 + Level 6.8 Evocations


You had 15 spell levels left.
You knew the following spells:

 Your Spells              Type           Power        Failure   Level  Hunger
a - Freeze                Ice            ####         1%          1    None
b - Frozen Ramparts       Ice            #####.       1%          3    None
c - Summon Ice Beast      Ice/Summ       #####...     8%          4    ###....
d - Irradiate             Conj/Tmut      ####......   13%         5    #####..

Your spell library contained the following spells:

 Spells                   Type           Power        Failure   Level  Hunger
 Foxfire                  Conj/Fire      ####         1%          1    None
 Conjure Flame            Conj/Fire      ####....     1%          3    None
 Inner Flame              Hex/Fire       ####....     1%          3    None
 Ozocubu's Armour         Chrm/Ice       #####...     2%          3    None
 Hailstorm                Conj/Ice       #####...     2%          4    ###....
 Confusing Touch          Hex            ####....     4%          3    None
 Gell's Gravitas          Tloc           ####......   4%          3    None
 Sticky Flame             Conj/Fire      ####....     4%          4    ###....
 Fireball                 Conj/Fire      ####......   13%         5    #####..
 Yara's Violent Unravell  Hex/Tmut       ####......   13%         5    #####..
 Petrify                  Tmut/Erth      ####....     17%         4    ###....
 Metabolic Englaciation   Hex/Ice        #####.....   22%         5    #####..


Dungeon Overview and Level Annotations

Branches:
Dungeon (13/15)            Temple (0/1) D:6            Lair (0/6) D:10
    Orc (0/2) D:9
 Vaults: D:13-14

Altars:
Ashenzari
Hepliaklqana
Makhleb
Qazlal
Ru
Vehumet
Xom
Yredelemnul
Beogh

Shops:
D:12 [

Annotations:
D:4 3 runed translucent doors, NebNelluc's ghost, amateur HaHu
D:7 1 runed translucent door, EtherCrawl's ghost, novice TrBe


Innate Abilities, Weirdness & Mutations

Your experience applies equally to all skills.
You have very sharp teeth.
Your uncanny sense of smell can sniff out nearby items.


Message History

The meliai calls down the wrath of its god upon you.
Something smites you!
* * * LOW HITPOINT WARNING * * *
Unknown command.
Unknown command.
Unknown command.
Unknown command.
It was a potion of curing.
You feel better.
The wall freezes the meliai but do no damage.
The wall freezes the meliai.
The meliai hits you with a +0 hand axe.
* * * LOW HITPOINT WARNING * * *
The meliai stings you but does no damage.
Your ice beast barely misses the gargoyle.
The gargoyle hits your ice beast with a +0 morningstar of protection.
The wall freezes the meliai but do no damage.
The meliai misses you. The meliai closely misses you.
The wall freezes the meliai. x2
The meliai mumbles some strange prayers to its god against you.
Something smites you!
You die...

.........##...## .....y
.#..#..........# ......#
#####....†##.<# ....y..
#.##.##....##### ....y..
#...........[## .......
............).# .......
#!.........).##
.>....y####..........).##
#...#@..............#
##))yy.............##
#..)o.....(..#....###
#Yo..........#......#
...9.........(..........
....##...............#.#
.................)...##.#
.....................# .
......................#


You could see a gargoyle, 2 meliai, 2 orc wizards and a friendly ice beast
(summoned).

Vanquished Creatures
  Harold (D:9)
  A centaur warrior (D:13)
  A two-headed ogre (D:11)
  2 unseen horrors
  A wolf spider zombie (D:12)
  An ugly thing (D:12)
  2 kobold demonologists (D:12)
  A troll (D:11)
  2 hornets
  2 hippogriffs (D:12)
  A dream sheep (D:8)
  Sigmund (D:6)
  A wyvern (D:13)
  A yak (D:8)
  A hungry ghost (D:13)
  A basilisk (D:9)
  A nameless horror (D:6)
  An acid dragon (D:12)
  5 orc warriors
  2 ogres
  2 ice beasts
  An eye of draining (D:12)
  2 black bears
  3 sky beasts
  6 centaurs
  2 crocodiles (D:8)
  4 big kobolds
  5 bullfrogs
  A wyvern zombie (D:7)
  2 scorpions
  4 killer bees (D:11)
  A water moccasin skeleton (D:7)
  7 wights
  4 howler monkeys
  3 crimson imps
  A quasit (D:10)
  2 bullfrog zombies
  A wyvern simulacrum (D:12)
  2 bullfrog skeletons
  3 centaur skeletons
  9 hounds
  5 jellies
  10 orc priests
  3 iguanas
  10 orc wizards
  11 worker ants
  5 worker ant zombies
  Robin (D:2)
  A howler monkey skeleton (D:10)
  19 adders
  5 shadow imps
  An adder skeleton (D:4)
  A worm (D:2)
  2 dart slugs
  9 leopard geckos
  65 orcs
  2 ball pythons (D:3)
  5 bats
  8 giant cockroaches
  13 goblins
  5 hobgoblins
  3 jackals (D:3)
  8 quokkas
  3 frilled lizards
  A giant cockroach zombie (D:5)
  14 kobolds
  A quokka skeleton (D:8)
  4 rats
309 creatures vanquished.

Vanquished Creatures (collateral kills)
  A hydra (D:8)
  A two-headed ogre (D:13)
  An ugly thing (D:12)
  3 trolls
  A dream sheep (D:8)
  A hippogriff (D:12)
  A wyvern (D:11)
  2 nameless horrors
  A yak (D:8)
  2 vampire mosquitoes (D:13)
  A hungry ghost (D:10)
  A water moccasin (D:10)
  A bullfrog (D:6)
  2 howler monkeys (D:13)
  A killer bee (D:11)
  3 wights
  A centaur zombie (D:7)
  A crimson imp (D:7)
  A hound (D:6)
  2 orc priests
  A worker ant (D:11)
  A hound zombie (D:8)
  A leopard gecko (D:11)
  5 orcs
  A ball python (D:6)
37 creatures vanquished.

Grand Total: 346 creatures vanquished

Notes
Turn   | Place    | Note
-------+----------+-------------------------------------------
     0 | D:1      | gruber the Gnoll Ice Elementalist began the quest for the
                  | Orb.
     0 | D:1      | Reached XP level 1. HP: 13/13 MP: 6/6
    99 | D:1      | Reached XP level 2. HP: 16/19 MP: 2/7
  1015 | D:2      | Found a faded altar of an unknown god.
  1024 | D:2      | Reached skill level 5 in Spellcasting
  1024 | D:2      | Reached XP level 3. HP: 9/25 MP: 5/9
  1426 | D:2      | Noticed Robin
  1483 | D:3      | Learned a level 3 spell: Frozen Ramparts
  1620 | D:2      | Reached skill level 1 in Invocations
  1630 | D:2      | Killed Robin
  1630 | D:2      | Reached skill level 1 in Fighting
  1630 | D:2      | Reached skill level 1 in Short Blades
  1630 | D:2      | Reached skill level 1 in Long Blades
  1630 | D:2      | Reached skill level 1 in Axes
  1630 | D:2      | Reached skill level 1 in Maces & Flails
  1630 | D:2      | Reached skill level 1 in Polearms
  1630 | D:2      | Reached skill level 1 in Staves
  1630 | D:2      | Reached skill level 1 in Slings
  1630 | D:2      | Reached skill level 1 in Bows
  1630 | D:2      | Reached skill level 1 in Crossbows
  1630 | D:2      | Reached skill level 1 in Throwing
  1630 | D:2      | Reached skill level 1 in Armour
  1630 | D:2      | Reached skill level 1 in Shields
  1630 | D:2      | Reached skill level 1 in Unarmed Combat
  1630 | D:2      | Reached skill level 1 in Evocations
  1701 | D:2      | Reached XP level 4. HP: 20/32 MP: 11/11
  2608 | D:3      | Found a stormy altar of Qazlal.
  2647 | D:3      | Reached skill level 1 in Conjurations
  2647 | D:3      | Reached skill level 1 in Hexes
  2647 | D:3      | Reached skill level 1 in Charms
  2647 | D:3      | Reached skill level 1 in Summonings
  2647 | D:3      | Reached skill level 1 in Necromancy
  2647 | D:3      | Reached skill level 1 in Translocations
  2647 | D:3      | Reached skill level 1 in Transmutations
  2647 | D:3      | Reached skill level 1 in Fire Magic
  2647 | D:3      | Reached skill level 1 in Air Magic
  2647 | D:3      | Reached skill level 1 in Earth Magic
  2647 | D:3      | Reached skill level 1 in Poison Magic
  2652 | D:3      | Reached XP level 5. HP: 37/37 MP: 8/12
  2668 | D:3      | Learned a level 4 spell: Summon Ice Beast
  3293 | D:3      | Reached XP level 6. HP: 23/44 MP: 9/13
  3504 | D:3      | Found a hazy altar of Hepliaklqana.
  3510 | D:3      | Reached skill level 5 in Dodging
  3630 | D:3      | Found a shimmering altar of Xom.
  3630 | D:3      | Found a sacrificial altar of Ru.
  3631 | D:3      | Found a shattered altar of Ashenzari.
  3632 | D:3      | Found a radiant altar of Vehumet.
  3662 | D:3      | Became a worshipper of Vehumet
  4029 | D:4      | Reached XP level 7. HP: 50/50 MP: 11/15
  4417 | D:4      | Found a runed translucent gate.
  4418 | D:4      | Found a runed translucent gate.
  4418 | D:4      | Found a runed translucent gate.
  4419 | D:4      | Noticed NebNelluc's ghost (amateur HaHu)
  4845 | D:5      | Entered Level 5 of the Dungeon
  4910 | D:5      | Reached skill level 5 in Stealth
  5328 | D:5      | Reached * piety under Vehumet
  5328 | D:5      | Offered knowledge of Foxfire by Vehumet.
  5725 | D:6      | Reached XP level 8. HP: 56/57 MP: 16/16
  5802 | D:6      | Noticed Sigmund
  5804 | D:6      | Noticed a nameless horror
  5819 | D:7      | Found a runed translucent door.
  5819 | D:7      | Noticed EtherCrawl's ghost (novice TrBe)
  6046 | D:7      | Found a burning altar of Makhleb.
  6142 | D:7      | Offered knowledge of Sandblast by Vehumet.
  6174 | D:7      | Reached ** piety under Vehumet
  6427 | D:6      | Reached XP level 9. HP: 49/65 MP: 14/18
  6620 | D:6      | Killed Sigmund
  6871 | D:6      | Found a staircase to the Ecumenical Temple.
  7101 | D:8      | Noticed a nameless horror
  7107 | D:8      | Killed a nameless horror
  7229 | D:8      | Noticed a hornet
  7237 | D:8      | Paralysed by a hornet for 2 turns
  7240 | D:8      | Killed a hornet
  7240 | D:8      | Reached skill level 8 in Ice Magic
  7488 | D:8      | Found a burning altar of Makhleb.
  7619 | D:8      | Offered knowledge of Conjure Flame by Vehumet.
  7956 | D:8      | Reached skill level 5 in Invocations
  7961 | D:8      | Reached *** piety under Vehumet
  7961 | D:8      | Reached XP level 10. HP: 57/73 MP: 5/20
  8075 | D:8      | Noticed a two-headed hydra
  8080 | D:8      | Killed a three-headed hydra
  8080 | D:8      | Reached skill level 5 in Fighting
  8080 | D:8      | Reached skill level 5 in Short Blades
  8080 | D:8      | Reached skill level 5 in Long Blades
  8080 | D:8      | Reached skill level 5 in Axes
  8080 | D:8      | Reached skill level 5 in Maces & Flails
  8080 | D:8      | Reached skill level 5 in Polearms
  8080 | D:8      | Reached skill level 5 in Staves
  8080 | D:8      | Reached skill level 5 in Slings
  8080 | D:8      | Reached skill level 5 in Bows
  8080 | D:8      | Reached skill level 5 in Crossbows
  8080 | D:8      | Reached skill level 5 in Throwing
  8080 | D:8      | Reached skill level 5 in Armour
  8080 | D:8      | Reached skill level 5 in Shields
  8080 | D:8      | Reached skill level 5 in Unarmed Combat
  8080 | D:8      | Reached skill level 5 in Evocations
  8328 | D:9      | Found a basalt altar of Yredelemnul.
  8385 | D:9      | Offered knowledge of Dazzling Flash by Vehumet.
  8468 | D:9      | Found a staircase to the Orcish Mines.
  8707 | D:9      | Noticed Harold
  8718 | D:9      | Killed Harold
  9234 | D:10     | Entered Level 10 of the Dungeon
  9585 | D:10     | Found a staircase to the Lair.
  9612 | D:10     | Killed an unseen horror
 10589 | D:11     | Reached **** piety under Vehumet
 10602 | D:11     | Offered knowledge of Static Discharge by Vehumet.
 10776 | D:11     | Found a roughly hewn altar of Beogh.
 10824 | D:11     | Reached XP level 11. HP: 81/81 MP: 19/22
 10837 | D:11     | Noticed a two-headed ogre
 10846 | D:11     | Killed a two-headed ogre
 11332 | D:11     | Reached skill level 5 in Conjurations
 11332 | D:11     | Reached skill level 5 in Hexes
 11332 | D:11     | Reached skill level 5 in Charms
 11332 | D:11     | Reached skill level 5 in Summonings
 11332 | D:11     | Reached skill level 5 in Necromancy
 11332 | D:11     | Reached skill level 5 in Translocations
 11332 | D:11     | Reached skill level 5 in Transmutations
 11332 | D:11     | Reached skill level 5 in Fire Magic
 11332 | D:11     | Reached skill level 5 in Air Magic
 11332 | D:11     | Reached skill level 5 in Earth Magic
 11332 | D:11     | Reached skill level 5 in Poison Magic
 11363 | D:11     | Reached ***** piety under Vehumet
 11406 | D:11     | Offered knowledge of Irradiate by Vehumet.
 11413 | D:11     | Learned a level 5 spell: Irradiate
 11598 | D:11     | Killed an unseen horror
 11958 | D:12     | Found Kadyod's Antique Armour Shop.
 12099 | D:12     | Bought a glowing scarf for 272 gold pieces
 12525 | D:12     | Noticed a red ugly thing
 12533 | D:12     | Killed a red ugly thing
 12973 | D:12     | Reached skill level 9 in Ice Magic
 13177 | D:12     | Noticed a purple ugly thing
 13191 | D:12     | Killed a purple ugly thing
 13629 | D:13     | Noticed a two-headed ogre
 13636 | D:13     | Killed a two-headed ogre
 13788 | D:13     | Reached XP level 12. HP: 78/89 MP: 16/24
 13886 | D:13     | Noticed a centaur warrior
 13897 | D:13     | Killed a centaur warrior
 13909 | D:13     | HP: 1/89 [meliai/divine providence (16)]
 13910 | D:13     | Killed from afar by a meliai

Illustrated notes

Levels and vault maps discovered:
D:1:      lemuel_arrival_behind_the_door_small, layout_rooms
D:2:      layout_basic, chequers_ecumenical_altar_island, minmay_crystal_water,
          uniq_robin
D:3:      layout_loops_cross, nicolae_qazlal_general_emergency,
          grunt_temple_overflow_open, minmay_splitting_lines
D:4:      layout_loops_corners, ebering_ghost_rock_garden
D:5:      layout_loops_ring, first_ration
D:6:      layout_basic, minmay_temple_entry_gardened_gates, uniq_sigmund
D:7:      layout_rooms, hellmonk_ghost_happy_afterlife, basic_altar
D:8:      layout_basic, hangedman_ranch [blue_anna_fruit_fields],
          hangedman_decor_riveting, serial_bayou_pond_e, bloody_makhleb
D:9:      layout_long_grid, lemuel_round_altar, orc_0_dummy, uniq_harold
D:10:     layout_basic, dpeg_oklobed_lair
D:11:     layout_roguey, special_room [special_room_orc]
D:12:     layout_gridville, serial_shops, shop, roderic_roman_lattice
D:13:     layout_cave_pools, grunt_vaults_entry_fortified,
          gauntlet_entry_generic

Skill      XL: |  1  2  3  4  5  6  7  8  9 10 11 |
---------------+----------------------------------+-----
Spellcasting   | 5 6 7 8 |  8.5
Invocations    | 1 2 3 4 5 6 7 |  7.5
Fighting       | 1 2 3 4 5 6 |  6.8
Short Blades   | 1 2 3 4 5 6 |  6.8
Long Blades    | 1 2 3 4 5 6 |  6.8
Axes           | 1 2 3 4 5 6 |  6.8
Maces & Flails | 1 2 3 4 5 6 |  6.8
Polearms       | 1 2 3 4 5 6 |  6.8
Staves         | 1 2 3 4 5 6 |  6.8
Slings         | 1 2 3 4 5 6 |  6.8
Bows           | 1 2 3 4 5 6 |  6.8
Crossbows      | 1 2 3 4 5 6 |  6.8
Throwing       | 1 2 3 4 5 6 |  6.8
Armour         | 1 2 3 4 5 6 |  6.8
Shields        | 1 2 3 4 5 6 |  6.8
Unarmed Combat | 1 2 3 4 5 6 |  6.8
Evocations     | 1 2 3 4 5 6 |  6.8
Conjurations   | 1 2 3 4 5 |  5.6
Hexes          | 1 2 3 4 5 |  5.6
Charms         | 1 2 3 4 5 |  5.6
Summonings     | 1 2 3 4 5 |  5.6
Necromancy     | 1 2 3 4 5 |  5.6
Translocations | 1 2 3 4 5 |  5.6
Transmutations | 1 2 3 4 5 |  5.6
Fire Magic     | 1 2 3 4 5 |  5.6
Air Magic      | 1 2 3 4 5 |  5.6
Earth Magic    | 1 2 3 4 5 |  5.6
Poison Magic   | 1 2 3 4 5 |  5.6
Dodging        | 5 6 7 8 |  8.3
Stealth        | 5 6 7 8 |  8.1
Ice Magic      | 8 9 |  9.2

Action                   |  1- 3 |  4- 6 |  7- 9 | 10-12 || total
-------------------------+-------+-------+-------+-------++-------
Melee: Unarmed           |     3 |       |       |       ||     3
       Bite              |     4 |     7 |    27 |    27 ||    65
       Spear             |    24 |       |       |       ||    24
       Short sword       |    22 |    85 |   188 |       ||   295
       Punch             |       |     1 |     1 |       ||     2
       Scythe            |       |       |    60 |   290 ||   350
       Hand axe          |       |       |       |    18 ||    18
 Cast: Freeze            |    14 |     5 |       |       ||    19
       Frozen Ramparts   |     2 |    14 |    22 |    42 ||    80
       Summon Ice Beast  |       |       |    19 |    51 ||    70
       Irradiate         |       |       |       |     2 ||     2
  Use: Scroll            |       |       |       |     2 ||     2
       Potion            |       |       |       |     1 ||     1
 Stab: Sleeping          |     4 |    14 |    13 |    12 ||    43
       Distracted        |       |       |     3 |     5 ||     8
  Eat: Chunk             |     2 |     8 |    17 |    17 ||    44
       Ration            |       |       |       |     3 ||     3
Armor: Robe              |     4 |       |       |       ||     4
       Animal skin       |     2 |     6 |       |       ||     8
       Leather armour    |       |    11 |    41 |     4 ||    56
       Swamp dragon scal |       |       |       |    96 ||    96
Dodge: Dodged            |    26 |    47 |   203 |   309 ||   585
       Repelled          |       |       |       |     7 ||     7
Block: Other             |    12 |    11 |    54 |    84 ||   161
       Reflection        |     1 |       |       |     1 ||     2
